 Dungeon Crawl Stone Soup version 0.29.1-2-gbd0b4ee654 (webtiles) character file.

Game seed: 13669938137512420240

13 keekatzer the Sneak (level 2, -1/14 HPs)
             Began as a Vine Stalker Enchanter on Oct 24, 2022.
             Frozen to death by an endoplasm (4 damage)
             ... on level 1 of the Dungeon.
             The game lasted 00:04:04 (636 turns).

keekatzer the Sneak (Vine Stalker Enchanter)         Turns: 636, Time: 00:04:04

Health: -1/14      AC:  2    Str: 10    XL:     2   Next: 37%
Magic:  0/6        EV: 12    Int: 15    God:
Gold:   10         SH:  0    Dex: 14    Spells: 3/5 levels left

rFire   . . .      SeeInvis .   a - +1 dagger
rCold   . . .      Faith    .   (no shield)
rNeg    . . .      Spirit   +   b - +0 robe
rPois   .          Reflect  .   (no helmet)
rElec   .          Harm     .   (no cloak)
rCorr   .          Rampage  .   (no gloves)
Will    .....                   (no boots)
Stlth   +++.......              (no amulet)
HPRegen 0.04/turn               (no ring)
MPRegen 0.10/turn               (no ring)

@: no status effects
A: fangs 2, magic shield, antimagic bite, no potion heal 2
a: no special abilities


You were on level 1 of the Dungeon.
You visited 1 branch of the dungeon, and saw 1 of its levels.

You collected 10 gold pieces.

Inventory:

Hand Weapons
 a - a +1 dagger (weapon)
Armour
 b - a +0 robe (worn)
Scrolls
 f - a scroll of immolation {unknown}
Potions
 c - 2 potions of invisibility
 d - a potion of attraction {unknown}
 e - a potion of cancellation {unknown}


   Skills:
 - Level 1.0 Fighting
 - Level 0.8 Short Blades
 - Level 1.5 Dodging
 + Level 4.2 Stealth
 - Level 2.1 Spellcasting
 - Level 3.0 Hexes
 + Level 0.2 Ice Magic


You had 3 spell levels left.
You knew the following spells:

 Your Spells              Type           Power      Damage    Failure   Level
a - Ensorcelled Hibernat  Hex/Ice        12%        N/A       17%         2

Your spell library contained the following spells:

 Spells                   Type           Power      Damage    Failure   Level
 Confusing Touch          Hex            10%        N/A       19%         3
 Tukima's Dance           Hex            10%        N/A       19%         3
 Dazzling Flash           Conj/Hex       12%        N/A       34%         3


Dungeon Overview and Level Annotations

Branches:
Dungeon (1/15)

Altars:


Innate Abilities, Weirdness & Mutations

You have extremely sharp teeth.
When hurt, damage is shared between your health and your magic reserves.
Your bite disrupts and absorbs the magic of your enemies.
Potions cannot restore your health.


Message History

The endoplasm attacks as you move away! The endoplasm hits you.
The endoplasm attacks as you move away! The endoplasm hits you.
The endoplasm attacks as you move away! The endoplasm closely misses you.
The endoplasm attacks as you move away! The endoplasm misses you.
You see here a bat corpse.
The endoplasm attacks as you move away! The endoplasm barely misses you.
The endoplasm attacks as you move away!
The endoplasm hits you but does no damage.
The endoplasm attacks as you move away! The endoplasm hits you.
You hit the endoplasm.
The endoplasm is severely wounded.
The endoplasm barely misses you.
You hit the endoplasm.
You kill the endoplasm!
Casting: Ensorcelled Hibernation (safe; 17% risk of failure)
Confirm with . or Enter, or press ? or * to list all spells.
Aiming: Ensorcelled Hibernation (safe; 17% risk of failure)
Press: ? - help, Shift-Dir - straight line, f - endoplasm
Aim: an endoplasm (chance to affect: 57%)
The endoplasm resists with significant effort.
The endoplasm freezes you.
You are frozen.
* * * LOW HITPOINT WARNING * * *
You barely miss the endoplasm. You bite the endoplasm. You drain its power.
You feel invigorated.
The endoplasm is moderately wounded.
The endoplasm hits you.
* * * LOW HITPOINT WARNING * * *
Casting: Ensorcelled Hibernation (safe; 17% risk of failure)
Confirm with . or Enter, or press ? or * to list all spells.
Aiming: Ensorcelled Hibernation (safe; 17% risk of failure)
Press: ? - help, Shift-Dir - straight line, f/p - endoplasm
Aim: an endoplasm (moderately wounded, chance to affect: 57%)
The endoplasm resists with significant effort.
The endoplasm hits you but does no damage.
You hit the endoplasm but do no damage.
The endoplasm is moderately wounded.
The endoplasm freezes you.
You are frozen.
You die...

##.#....##...# #..#
...#.#...##..##
#.## .#.
#J#........####.# #
..##..........†.#
..##......#.#####
............#
##......#####
.........####
##........@.#
#......#.#J####
##.......#....# #
#...##.######.#
#.##.#.##.### #.#
.........†..# #J#
.##.#......####.#
#............#.####
#..#......#J......#


You could see an endoplasm.

Vanquished Creatures
  4 bats (D:1)
  2 endoplasms (D:1)
  A goblin (D:1)
  2 hobgoblins (D:1)
  A quokka (D:1)
10 creatures vanquished.

Notes
Turn   | Place    | Note
-------+----------+-------------------------------------------
     0 | D:1      | keekatzer the Vine Stalker Enchanter began the quest for
                  | the Orb.
     0 | D:1      | Reached XP level 1. HP: 9/9 MP: 4/4
   455 | D:1      | Reached skill level 4 in Stealth
   474 | D:1      | Reached XP level 2. HP: 14/14 MP: 6/6
   482 | D:1      | Reached skill level 1 in Fighting
   577 | D:1      | Learned a level 2 spell: Ensorcelled Hibernation
   636 | D:1      | Frozen to death by an endoplasm

Illustrated notes

Levels and vault maps discovered:
D:1:      ebering_hopf_link, layout_rooms

Skill      XL: |  1  2 |
---------------+-------+-----
Stealth        | 4 |  4.2
Fighting       | 1 |  1.0
Short Blades   | |  0.8
Dodging        | |  1.5
Spellcasting   | |  2.1
Hexes          | |  3.0
Ice Magic      | |  0.2

Action                   || total
-------------------------++-------
Melee: Dagger            ||    43
       Bite              ||    12
 Cast: Ensorcelled Hiber ||     4
 Stab: Sleeping          ||     1
Armor: Robe              ||     9
Dodge: Dodged            ||    28
